 Dungeon Crawl Stone Soup version 0.29.1-15-g9cfb28693d (webtiles) character file.

Game seed: 12776926830959177801

5196 bmack86 the Cleaver (level 10, -7/80 HPs)
             Began as a Minotaur Fighter on Apr 19, 2024.
             Was an Elder of Okawaru.
             Mangled by a large abomination (23 damage)
             ... on level 2 of the Abyss.
             The game lasted 00:22:44 (9919 turns).

bmack86 the Cleaver (Minotaur Fighter)              Turns: 9919, Time: 00:22:44

Health: -7/80      AC: 13    Str: 24    XL:     10   Next: 34%
Magic:  15/15      EV: 16    Int:  5    God:    Okawaru [****..]
Gold:   493        SH:  6    Dex: 11    Spells: 9/9 levels left

rFire   + . .      SeeInvis +   a - +1 war axe
rCold   . . .      Faith    .   c - +0 buckler
rNeg    . . .      Spirit   .   J - +4 ring mail
rPois   .          Reflect  .   G - +2 hat {SInv}
rElec   .          Harm     .   t - +0 cloak
rCorr   .          Rampage  .   I - +0 pair of gloves
Will    .....                   (no boots)
Stlth   ++........              (no amulet)
HPRegen 0.23/turn               C - +4 ring of evasion
MPRegen 0.14/turn               r - ring of protection from fire

@: heroic
A: horns 2, retaliatory headbutt, [deformed body], ([teleportitis 2])
a: Renounce Religion, Heroism, Finesse


You were on level 2 of the Abyss.
You worshipped Okawaru.
Okawaru was greatly pleased with you.
You visited 2 branches of the dungeon, and saw 10 of its levels.
You visited the Abyss 1 time.
You also visited: Sewer.

You collected 701 gold pieces.
You spent 208 gold pieces at shops.

Inventory:

Hand Weapons
 a - a +1 war axe (weapon)
Missiles
 h - 5 silver javelins
 F - 10 throwing nets (quivered)
Armour
 c - a +0 buckler (worn)
 t - a +0 cloak (worn)
 w - a +2 hat
 y - a +1 plate armour
 G - a +2 hat of see invisible (worn)
 H - a +0 kite shield
 I - a +0 pair of gloves (worn)
 J - a +4 ring mail (worn)
Jewellery
 e - an amulet of magic regeneration
 i - a ring of protection from cold
 m - a ring of positive energy
 r - a ring of protection from fire (right hand)
 v - a ring of see invisible
 C - a +4 ring of evasion (left hand)
Wands
 b - a wand of polymorph (3)
 D - a wand of flame (23)
Scrolls
 g - 5 scrolls of teleportation
 n - 4 scrolls of immolation
 p - 2 scrolls of enchant armour
 s - a scroll of enchant weapon
 K - 2 scrolls of amnesia
Potions
 d - 3 potions of might
 f - a potion of flight
 j - 3 potions of heal wounds
 k - 2 potions of haste {unknown}
 l - 4 potions of lignification
 o - 2 potions of curing
 q - 4 potions of attraction
 x - 2 potions of invisibility {unknown}
 z - 3 potions of mutation {unknown}
 A - 4 potions of brilliance {unknown}
 B - a potion of magic {unknown}
 E - a potion of resistance {unknown}


   Skills:
 + Level 4.3(9.3) Fighting
 * Level 14.8(19.8) Axes
 - Level 3.6(8.6) Armour
 + Level 5.5(10.5) Shields
 - Level 8.0 Invocations


You had 9 spell levels left.
You didn't know any spells.
Your spell library contained the following spells:

 Spells                   Type           Power      Damage    Failure   Level
 Conjure Flame            Conj/Fire      0%         6-21      95%         3
 Gell's Gravitas          Tloc           0%         N/A       95%         3
 Ignite Poison            Fire/Tmut/Pois 0%         N/A       95%         3
 Inner Flame              Hex/Fire       0%         N/A       95%         3
 Mephitic Cloud           Conj/Pois/Air  0%         N/A       95%         3
 Portal Projectile        Hex/Tloc       0%         N/A       95%         3
 Teleport Other           Tloc           0%         N/A       95%         3
 Cause Fear               Hex            0%         N/A       100%        4
 Sticky Flame             Conj/Fire      0%         2d3       100%        4
 Blade Hands              Tmut           0%         N/A       100%        5
 Freezing Cloud           Conj/Ice/Air   0%         6-21      100%        5
 Iskenderun's Battlesphe  Conj           0%         2d6       100%        5
 Dispersal                Tloc           0%         N/A       100%        6
 Iron Shot                Conj/Erth      0%         9d1       100%        6
 Discord                  Hex            0%         N/A       100%        8
 Tukima's Dance           Hex            Unusable   N/A       N/A         3
 Spellforged Servitor     Conj/Summ      Unusable   N/A       N/A         7

Dungeon Overview and Level Annotations

Branches:
Dungeon (9/15)             Temple (1/1) D:4           Sewer (visited)
   Lair: D:8-11         Orc: D:9-12

Altars:
Ashenzari
Fedhas
Kikubaaqudgha
Okawaru
Uskayaw
Xom
Zin

Shops:
D:1 [   D:2 [

Annotations:
D:9 Erolcha


Innate Abilities, Weirdness & Mutations

You have a pair of horns on your head.
You reflexively headbutt those who attack you in melee.
[Armour fits poorly on your strangely shaped body.]
[((You are often teleported next to monsters.))]


Message History

A wretched star comes into view.
Found two gateways leading deeper into the Abyss.
The wretched star pulses with an eldritch light!
You feel weirdly uncertain.
You feel even more weirdly uncertain.
The wretched star pulses with an eldritch light!
Your body twists and deforms.
There is a gateway leading deeper into the Abyss here.
There is a gateway leading deeper into the Abyss here.
You hit the wretched star but do no damage.
The wretched star glows turbulently.
The lance of force hits you!!
You are knocked back by the lance of force.
The wretched star glows turbulently.
You block the lance of force.
There is a gateway leading deeper into the Abyss here.
The large abomination hits you!!
You closely miss the wretched star.
You hit the large abomination but do no damage.
The large abomination hits you.
The wretched star glows turbulently.
The lance of force hits you but does no damage.
Unknown command.
You hit the wretched star but do no damage.
You barely miss the large abomination.
The large abomination closely misses you.
You furiously retaliate!
You headbutt the large abomination, but do no damage.
You closely miss the wretched star. Your headbutt misses the wretched star.
You hit the large abomination.
The large abomination hits you but does no damage.
Unknown command.
You closely miss the wretched star. Your headbutt misses the wretched star.
You hit the large abomination.
The wretched star glows turbulently.
The lance of force hits you!
* * * LOW HITPOINT WARNING * * *
You are knocked back by the lance of force.
Unknown command.
The large abomination hits you!!
You die...

.#########
#........#
#......######
#....*.>@...###
#..#....X......#
...............# .
..
..###..............
. . #............#..
..# #.#............#
#.#............#
...# .
#..##.........#....#
..# .......#####. ..
#


You could see a wretched star and a large abomination.

Vanquished Creatures
  Gastronok (D:8)
  Joseph (D:8)
  Maggie (D:8)
  Psyche (D:9)
  A wraith (D:8)
  2 orc warriors
  A black bear (D:6)
  A sky beast (D:4)
  A centaur (D:7)
  A phantom (D:6)
  A kobold brigand (D:8)
  A bullfrog (D:8)
  3 gnoll sergeants (D:5)
  A necrophage (D:7)
  5 scorpions
  9 killer bees (D:8)
  4 howler monkeys
  10 hounds
  A jelly (D:6)
  3 orc priests
  4 gnoll boudas (D:5)
  3 iguanas
  6 orc wizards
  36 gnolls
  A river rat (Sewer)
  11 adders
  2 ufetubi
  5 worms
  7 dart slugs
  21 orcs
  10 endoplasms
  5 giant cockroaches
  5 hobgoblins
  7 jackals (D:5)
  10 kobolds
  3 quokkas
  9 ball pythons
  6 bats
  8 frilled lizards
  5 goblins
  9 rats
222 creatures vanquished.

Vanquished Creatures (others)
  4 plants (D:1)
4 creatures vanquished.

Grand Total: 226 creatures vanquished

Notes
Turn   | Place    | Note
-------+----------+-------------------------------------------
     0 | D:1      | bmack86 the Minotaur Fighter began the quest for the Orb.
     0 | D:1      | Reached XP level 1. HP: 19/19 MP: 0/0
   115 | D:1      | Found Veca's Armour Shop.
   278 | D:1      | Reached XP level 2. HP: 26/26 MP: 1/1
   435 | D:1      | Reached skill level 3 in Axes
   562 | D:1      | Found a faded altar of an unknown god.
   750 | D:1      | Reached XP level 3. HP: 31/31 MP: 2/2
  1014 | D:2      | Reached skill level 5 in Shields
  1367 | D:2      | Found Kukyz's Antique Armour Shoppe.
  1415 | D:2      | Reached skill level 4 in Axes
  1415 | D:2      | Reached XP level 4. HP: 22/39 MP: 3/3
  1883 | D:3      | Identified the +8 whip of Hero {venom, Will+++ MP+9 Str+4
                  | Dex-5}
  2821 | D:1      | Bought a +2 hat for 208 gold pieces
  2853 | D:4      | Found a staircase to the Ecumenical Temple.
  2861 | D:4      | Reached skill level 5 in Axes
  2862 | D:4      | Reached XP level 5. HP: 35/45 MP: 4/4
  2878 | Temple   | Entered the Ecumenical Temple
  2965 | Temple   | Became a worshipper of Warmaster Okawaru
  3011 | D:4      | Identified the +0 helmet of Comp {Str+8}
  3104 | D:4      | Found a glowing drain.
  3140 | Sewer    | Entered a sewer
  3258 | Sewer    | Reached skill level 6 in Axes
  3582 | D:4      | Reached skill level 1 in Invocations
  3665 | D:4      | Reached XP level 6. HP: 42/51 MP: 4/6
  3929 | D:4      | Noticed a sky beast
  3936 | D:4      | Killed a sky beast
  3937 | D:4      | Reached skill level 7 in Axes
  4063 | D:4      | Reached * piety under Okawaru
  4525 | D:5      | Entered Level 5 of the Dungeon
  4796 | D:4      | Reached XP level 7. HP: 57/57 MP: 6/8
  4965 | D:5      | Reached skill level 8 in Axes
  5506 | D:5      | Reached ** piety under Okawaru
  5507 | D:5      | Reached skill level 9 in Axes
  5788 | D:5      | Reached XP level 8. HP: 63/64 MP: 10/10
  5852 | D:5      | Reached skill level 10 in Axes
  6180 | D:5      | Reached skill level 5 in Invocations
  6528 | D:5      | Reached skill level 11 in Axes
  7354 | D:6      | Reached XP level 9. HP: 49/70 MP: 12/12
  7820 | D:7      | Noticed an angel
  7821 | D:7      | Found a shimmering altar of Xom.
  7821 | D:7      | Found a glowing silver altar of Zin.
  7988 | D:7      | Reached *** piety under Okawaru
  7994 | D:7      | Reached skill level 12 in Axes
  8471 | D:8      | Noticed Gastronok
  8487 | D:8      | Killed Gastronok
  8487 | D:8      | Received a gift from Okawaru
  8488 | D:8      | Reached skill level 13 in Axes
  8659 | D:8      | Reached **** piety under Okawaru
  8790 | D:8      | Reached skill level 14 in Axes
  8794 | D:8      | Reached XP level 10. HP: 73/77 MP: 11/14
  8797 | D:8      | Noticed Maggie
  8815 | D:8      | Killed Maggie
  9288 | D:8      | Found a blossoming altar of Fedhas.
  9288 | D:8      | Found an ancient bone altar of Kikubaaqudgha.
  9518 | D:8      | Noticed Joseph
  9530 | D:8      | Killed Joseph
  9769 | D:9      | Noticed Psyche
  9780 | D:9      | Killed Psyche
  9882 | D:9      | Noticed Erolcha
  9883 | Abyss:2  | Cast into level 2 of the Abyss (Erolcha)
  9898 | Abyss:2  | Noticed a large abomination
  9900 | Abyss:2  | Noticed a wretched star
  9919 | Abyss:2  | Mangled by a large abomination

Illustrated notes

Levels and vault maps discovered:
D:1:      matt_arrival_grand_opening, layout_rooms, serial_forest,
          infiniplex_forest_clump_cross, infiniplex_forest_lined_room_2,
          infiniplex_forest_lined_room_2, infiniplex_forest_straight_3,
          infiniplex_forest_lined_room_3, infiniplex_forest_pool, serial_shops,
          shop_coins, hellmonk_ecumenical_altar_inner_sanctum,
          interstate_on_off, minmay_heptomino_d4
D:2:      layout_basic, serial_shops, shop, minmay_randomly_rotated_circles
D:3:      kennysheep_six_static_rooms, layout_loops_corners
D:4:      layout_basic, minmay_temple_entry_offerings,
          cheibrodos_sewer_entry_bend
D:5:      layout_cave_pools, serial_gnoll_camp, gnoll_camp_medium_02,
          gnoll_camp_huts_moat, gnoll_camp_mini_loothouse,
          gnoll_camp_mini_house, gnoll_camp_mini_basic
D:6:      layout_cave_pods
D:7:      layout_loops_ring, grunt_temple_overflow_order_and_chaos_1
D:8:      layout_basic, grunt_temple_overflow_growth_and_decay, uniq_gastronok,
          uniq_maggie, uniq_joseph
D:9:      layout_irregular_city, uniq_psyche, uniq_erolcha, uniq_harold
Temple:   regret_index_temple_mists
Abyss:2:  base: D:9, spicy_abyss_unhelpful_harpoons, bh_abyss_xom_lugonu_altar

Skill      XL: |  1  2  3  4  5  6  7  8  9 10 |
---------------+-------------------------------+-----
Shields        | 4 5 |  5.5
Axes           | 3 4 5 6 7 9 11 14 | 14.8
Invocations    | 1 2 4 5 7 8 |  8.0
Fighting       | 4 |  4.3
Armour         | |  3.6

Action                   |  1- 3 |  4- 6 |  7- 9 | 10-12 || total
-------------------------+-------+-------+-------+-------++-------
Melee: War axe           |    84 |   119 |   270 |    54 ||   527
       Headbutt          |     7 |    13 |    44 |     6 ||    70
Throw: Javelin           |       |     3 |       |       ||     3
       Throwing net      |       |       |     1 |     2 ||     3
Invok: Heroism           |       |       |     4 |     1 ||     5
  Use: Scroll            |     1 |     7 |    11 |     2 ||    21
       Potion            |       |       |     2 |       ||     2
Armor: Scale mail        |    48 |     8 |       |       ||    56
       Chain mail        |       |     4 |       |       ||     4
       Plate armour      |       |    58 |   135 |       ||   193
       Ring mail         |       |       |    22 |    14 ||    36
Dodge: Dodged            |    41 |    43 |   201 |    35 ||   320
Block: Buckler           |    17 |    37 |    86 |     9 ||   149
